 Dungeon Crawl Stone Soup version 0.29.1-2-gbd0b4ee654 (webtiles) character file.

Game seed: 6840228265935766830

109 Avanven the Ruffian (level 4, 0/44 HPs)
             Began as a Troll Fighter on Nov 15, 2022.
             Constricted to death by Ijyb (6 damage)
             ... on level 3 of the Dungeon.
             The game lasted 00:01:55 (2101 turns).

Avanven the Ruffian (Troll Fighter)                 Turns: 2101, Time: 00:01:56

Health: 0/44       AC:  4    Str: 26    XL:     4   Next: 59%
Magic:  3/3        EV:  5    Int:  4    God:
Gold:   153        SH:  8    Dex:  9    Spells: 3/3 levels left

rFire   . . .      SeeInvis .     - Unarmed
rCold   . . .      Faith    .   b - +1 kite shield
rNeg    . . .      Spirit   .   a - +0 robe
rPois   .          Reflect  .   (helmet restricted)
rElec   .          Harm     .   (no cloak)
rCorr   .          Rampage  .   (gloves unavailable)
Will    .....                   (boots unavailable)
Stlth   +.........              (no amulet)
HPRegen 0.94/turn               (no ring)
MPRegen 0.08/turn               (no ring)

@: lethally poisoned (0 -> -3), grasped by roots, constricted
A: large, unfitting armour, claws 3, regeneration 1, shaggy fur 1, tough skin 1
a: no special abilities


You were on level 3 of the Dungeon.
You visited 1 branch of the dungeon, and saw 3 of its levels.

You collected 153 gold pieces.

Inventory:

Armour
 a - a +0 robe (worn)
 b - a +1 kite shield (worn)
Jewellery
 m - the ring of Foastri {rN+ Will+ Dex+2}
   (You found it on level 3 of the Dungeon)

   [ring of positive energy]

   Dex:       It affects your dexterity (+2).
   rN:        It protects you from negative energy.
   Will:      It increases your willpower.
Scrolls
 d - 5 scrolls of identify
 g - a scroll of noise
Potions
 c - a potion of might
 e - a potion of curing
 i - a potion of haste


   Skills:
 - Level 2.4 Fighting
 - Level 2.4 Dodging
 - Level 2.6 Shields
 + Level 4.9 Unarmed Combat


You had 3 spell levels left.
You didn't know any spells.
Your spell library was empty.

Dungeon Overview and Level Annotations

Branches:
Dungeon (3/15)

Altars:

Shops:
D:2 :

Annotations:
D:3 Ijyb


Innate Abilities, Weirdness & Mutations

You are too large for most types of armour.
You have claws for hands.
Your natural rate of healing is unusually fast.
You are covered in fur. (AC +1)
You have tough skin. (AC +1)


Message History

You are poisoned.
The grasping roots constrict you.
You barely miss Ijyb.
Ijyb is heavily wounded.
You feel very sick.
Ijyb screams, "You nasty!
Big nasty!"
Ijyb hits you with a +1 dagger of venom.
You are more poisoned.
The grasping roots constrict you.
The grasping roots release their grip on you.
You scratch Ijyb but do no damage.
Ijyb is heavily wounded.
You feel very sick.
Ijyb hits you with a +1 dagger of venom.
You are lethally poisoned!
Unknown command.
You scratch Ijyb.
Ijyb is severely wounded.
You feel extremely sick. Ijyb barely misses you.
Unknown command.
You scratch Ijyb.
Ijyb is almost dead.
* * * LOW HITPOINT WARNING * * *
You feel very sick.
Ijyb hits you with a +1 dagger of venom.
* * * LOW HITPOINT WARNING * * *
Unknown command.
You feel better.
Ijyb hits you with a +1 dagger of venom.
* * * LOW HITPOINT WARNING * * *
You are poisoned.
You scratch Ijyb but do no damage.
Ijyb is almost dead.
* * * LOW HITPOINT WARNING * * *
You feel very sick.
Ijyb zaps a wand.
The roots erupt in riotous growth!
The grasping roots grab you!
Ijyb is unaffected.
The grasping roots constrict you.
You die...

,,* #.#####.##### ,,*
*..,* #.....# ,,******
**#.#######.# ,,,,,,,*
*...#..,#.#
,,,,,,,*******....,#.#
,,,,,,,,,.,,,,##.###.#
,,*,,,,,,...,,+....#.#
,,*,,,,,,.....##.#.#.#
,,*,,,,,,.......@#...#
***,,,,,,.....#.g#####
*,,,,,,.........,,,*
*,,,,,,......#.##*,*
*,,,,,,......#..,,,*
*******###+#.#.#**** #
*,#...# # *,**###** #
*,***,,,*


You could see Ijyb.

Vanquished Creatures
  Jessica (D:3)
  Terence (D:2)
  2 adders (D:2)
  A dart slug (D:3)
  An orc (D:3)
  5 endoplasms
  6 giant cockroaches
  2 hobgoblins (D:1)
  3 kobolds (D:1)
  2 quokkas
  4 bats
  5 goblins
  2 rats
35 creatures vanquished.

Notes
Turn   | Place    | Note
-------+----------+-------------------------------------------
     0 | D:1      | Avanven the Troll Fighter began the quest for the Orb.
     0 | D:1      | Reached XP level 1. HP: 22/22 MP: 0/0
    99 | D:1      | Found a faded altar of an unknown god.
   297 | D:1      | Reached XP level 2. HP: 28/29 MP: 1/1
   532 | D:1      | Reached skill level 3 in Unarmed Combat
  1017 | D:2      | Found Yxtomyts's Book Emporium.
  1049 | D:2      | Noticed Terence
  1056 | D:2      | Killed Terence
  1057 | D:2      | Reached skill level 4 in Unarmed Combat
  1057 | D:2      | Reached XP level 3. HP: 36/36 MP: 2/2
  1385 | D:2      | Reached XP level 4. HP: 41/44 MP: 3/3
  1811 | D:3      | Noticed Jessica
  1815 | D:3      | Killed Jessica
  1943 | D:3      | Identified the ring of Foastri {rN+ Will+ Dex+2}
  2089 | D:3      | Noticed Ijyb
  2101 | D:3      | Constricted to death by Ijyb

Illustrated notes

Levels and vault maps discovered:
D:1:      sevenhm_arrival_forest_fort_large_2, layout_basic,
          ebering_ecumenical_altar_sacrificial, minmay_misc_feat_encased
D:2:      layout_basic, serial_shops, shop, minmay_misc_feat_ornament,
          minmay_worlds_worst_comb, uniq_terence
D:3:      layout_basic, uniq_natasha, uniq_jessica, uniq_grinder, uniq_ijyb

Skill      XL: |  1  2 |
---------------+-------+-----
Unarmed Combat | 4 |  4.9
Fighting       | |  2.4
Dodging        | |  2.4
Shields        | |  2.6

Action                   |  1- 3 |  4- 6 || total
-------------------------+-------+-------++-------
Melee: Unarmed           |    59 |    34 ||    93
  Use: Scroll            |       |     8 ||     8
       Potion            |       |     1 ||     1
 Stab: Sleeping          |     1 |       ||     1
Armor: Robe              |    20 |    12 ||    32
Dodge: Dodged            |    14 |     5 ||    19
Block: Kite shield       |    10 |    10 ||    20
